 Dungeon Crawl Stone Soup version 0.31-a0-1278-g11c5b68f87 (webtiles) character file.

Game seed: 10535093011102831686

1495 MackTheKnife the Skirmisher (level 8, -13/68 (74) HPs)
             Began as a Minotaur Hunter on Dec 17, 2023.
             Was a Believer of Okawaru.
             Mangled by an orc knight
             ... wielding a +0 halberd
              (14 damage)
             ... in a bailey.
             The game lasted 00:07:28 (3991 turns).

MackTheKnife the Skirmisher (Minotaur Hunter)       Turns: 3991, Time: 00:07:28

HP:   -13/68 (74)   AC:  5    Str: 16    XL:     8   Next: 51%
MP:   7/7           EV: 12    Int:  6    God:    Okawaru [**....]
Gold: 67            SH:  0    Dex: 16    Spells: 7/7 levels left

rFire   . . .        a - +0 shortbow {bow}
rCold   . . .        (shield currently unavailable)
rNeg    . . .        c - +0 leather armour
rPois   .            (helmet restricted)
rElec   .            (no cloak)
rCorr   .            i - +1 pair of gloves
SInv    .            (no boots)
Will    +....        (no amulet)
Stlth   +            v - ring of willpower
HPRegen 0.31/turn    l - ring of flight
MPRegen 0.10/turn

%: no passive effects
@: attractive, flying, hasted, drained, very quick
A: horns 2, retaliatory headbutt
a: Renounce Religion, Heroism


You were in a bailey.
You worshipped Okawaru.
Okawaru was pleased with you.
You visited 2 branches of the dungeon, and saw 8 of its levels.
You also visited: Bailey.

You collected 139 gold pieces.
You spent 72 gold pieces at shops.


Innate Abilities, Weirdness & Mutations

You have a pair of horns on your head.
You reflexively headbutt those who attack you in melee.


   Skills:
 - Level 8.0 Fighting
 + Level 10.4 Ranged Weapons
 - Level 2.1 Dodging
 - Level 0.7 Stealth


You had 7 spell levels left.
You didn't know any spells.
Your spell library contained the following spells:

 Spells                   Type           Power      Damage    Failure   Level
 Kiss of Death            Conj/Necr      0%         2d5       52%         1
 Confusing Touch          Hex            0%         N/A       88%         3
 Gell's Gravitas          Tloc           0%         N/A       88%         3
 Teleport Other           Tloc           0%         N/A       88%         3
 Dispel Undead            Necr           0%         3d6       99%         4
 Dispersal                Tloc           0%         N/A       100%        6

Inventory:

Hand Weapons
 a - a +0 shortbow (weapon) {bow}
 u - a +3 falchion {long}
   (You took it off a wight on level 6 of the Dungeon)
 y - a +0 halberd of electrocution {polearm}
   (You took it off a gnoll in a bailey)
 A - a +0 halberd of electrocution {polearm}
   (You took it off a gnoll in a bailey)
 B - a +2 halberd of electrocution {polearm}
   (You took it off a gnoll in a bailey)
 C - a +2 halberd of draining {polearm}
   (You took it off a gnoll in a bailey)
 D - a +0 halberd of electrocution {polearm}
   (You took it off a gnoll in a bailey)
 E - a +1 halberd of draining {polearm}
   (You took it off a gnoll in a bailey)
Armour
 c - a +0 leather armour (worn)
 i - a +1 pair of gloves (worn)
   (You found it on level 2 of the Dungeon)
Jewellery
 l - a ring of flight (right hand)
   (You found it on level 3 of the Dungeon)
 m - the ring "Doheoz" {rPois rN+ Will- rCorr Str+3}
   (You found it on level 6 of the Dungeon)

   [ring of resist corrosion]

   Str+3:     It affects your strength (+3).
   rPois:     It protects you from poison rN+: It protects you from negative
   energy.
   Will-:     It decreases your willpower.
   rCorr:     It protects you from acid and corrosion.
 n - a ring of positive energy
   (You found it on level 3 of the Dungeon)
 v - a ring of willpower (left hand)
   (You found it on level 7 of the Dungeon)
Wands
 e - a wand of charming (7)
   (You found it on level 5 of the Dungeon)
 r - a wand of flame (20)
   (You found it on level 6 of the Dungeon)
 w - a wand of polymorph (5)
   (You found it on level 7 of the Dungeon)
Scrolls
 b - a scroll of butterflies
 g - a scroll of revelation
Potions
 f - 2 potions of curing {@q1}
 h - a potion of resistance {unknown}
 j - a potion of haste {@q3}
 k - a potion of attraction {!q}
 o - 2 potions of heal wounds {unknown}
 p - a potion of brilliance
 q - 2 potions of lignification {unknown}
 s - a potion of ambrosia {unknown}
 x - a potion of might {unknown}
 z - a potion of mutation {unknown}

Dungeon Overview and Level Annotations

Branches:
Dungeon (7/15) Zot: 26863  Temple (1/1) D:4 Zot: 5977  Bailey (1/1) Zot: 5495

Altars:
Ashenzari
Cheibriados
Dithmenos
Gozag
Kikubaaqudgha
Okawaru
Qazlal
Ru
Sif Muna
Uskayaw
Vehumet
Wu Jian
Xom
Yredelemnul
Zin

Shops:
D:4 !   D:5 :

Annotations:
D:4 2 transporters

##.'.## #
+##+##'###'##+##
#.....## ##.....
#.....#####.....
+..⌠..'.#)'..∩..
#.....#####.....
##.....## ##.....
##'##'##'###'##+##
#@###)###.#.## #'#
### #####
#o###.###.#.#
##g##'##'###+ +##
##§)...## !.!
#§....### !.!.
+..§..'.# .⌠.!
#....§### .!.!
#.....## #!o


You could see an orc knight (extremely poisoned) and a gnoll.


Message History

Okay, then.
There is an open door here.
There is an open door here.
There is a fountain of blood here.
The air fills with toxic fumes!
As you read the scroll of poison {!r}, it crumbles to dust.
Fire: a) +0 shortbow {bow}
Press: ? - help, Shift-Dir - straight line, f - gnoll
Aim: a gnoll, wielding a +0 halberd of electrocution (72% to hit)
You shoot an arrow. The arrow hits the gnoll!
Fire: a) +0 shortbow {bow}
Press: ? - help, Shift-Dir - straight line, f/p - gnoll
Aim: a gnoll, wielding a +0 halberd of electrocution (severely wounded, 72% to hit)
You shoot an arrow.
The arrow hits the gnoll but does no damage.
Fire: a) +0 shortbow {bow}
Press: ? - help, Shift-Dir - straight line, f/p - gnoll
Aim: a gnoll, wielding a +0 halberd of electrocution (severely wounded, 72% to hit)
You shoot an arrow. The arrow hits the gnoll!
You kill the gnoll!
Okawaru accepts your kill.
Fire: a) +0 shortbow {bow}
Press: ? - help, Shift-Dir - straight line, f - orc knight
Aim: an orc knight, wielding a +0 halberd (61% to hit)
You shoot an arrow.
The arrow completely misses the orc knight.
Fire: a) +0 shortbow {bow}
Press: ? - help, Shift-Dir - straight line, f/p - orc knight
Aim: an orc knight, wielding a +0 halberd (poison gas, 61% to hit)
You shoot an arrow.
The arrow closely misses the orc knight.
Fire: a) +0 shortbow {bow}
Press: ? - help, Shift-Dir - straight line, f/p - orc knight
Aim: an orc knight, wielding a +0 halberd (poison gas, 61% to hit)
You shoot an arrow. The arrow hits the orc knight.
The orc knight is engulfed in poison gas.
The orc knight is poisoned.
The orc knight hits you from afar with a +0 halberd! 😕 HP[-10]
You take 10 damage, and now have 58/68 hp.
Fire: a) +0 shortbow {bow}
Press: ? - help, Shift-Dir - straight line, f/p - orc knight
Aim: an orc knight, wielding a +0 halberd (poison gas, lightly wounded, poisoned, 61% to hit)
You shoot an arrow. The arrow hits the orc knight.
The orc knight is engulfed in poison gas.
The orc knight looks even sicker.
The orc knight hits you from afar with a +0 halberd!!
* * * LOW HITPOINT WARNING * * *
😨 HP[-24]
You take 24 damage, and now have 34/68 hp.
MASSIVE DAMAGE!! (PAUSE)
Okay, then.
As you read the scroll of fear, it crumbles to dust.
You assume a fearsome visage.
The orc knight looks frightened!
The orc knight looks even sicker. 😮 HP[+1]
The orc knight looks as sick as possible!
The orc knight gibbers meaninglessly.
The orc knight is engulfed in poison gas.
The orc knight looks as sick as possible!
Cornered, the orc knight turns to fight! 😮 HP[+1]
Things that are here:
a +0 halberd {polearm}; a +0 scale mail
Things that are here:
a +0 trident {polearm}; a +0 scale mail; an orc corpse
Aiming: Throw Flame
Press: ? - help, Shift-Dir - straight line, f/p - orc knight
Aim: an orc knight, wielding a +0 halberd (moderately wounded, extremely poisoned, 56% to hit)
The puff of flame misses the orc knight.
The puff of flame misses the gnoll. 😮 HP[+1]
The orc knight is engulfed in poison gas.
The orc knight looks as sick as possible!
There is an open door here.
It was a potion of attraction.
You feel attractive to monsters. The orc knight is attracted toward you.
The gnoll is attracted toward you.
Okay, then.
It was a potion of haste.
You feel yourself speed up.
The gnoll hits you from afar with a +0 halberd of electrocution.
* * * LOW HITPOINT WARNING * * *
The orc knight hits you with a +0 halberd!
* * * LOW HITPOINT WARNING * * *
😨 HP[-14]
You take 14 damage, and now have 23/68 hp.
MASSIVE DAMAGE!! (PAUSE)
The orc knight hits you from afar with a +0 halberd!!
* * * LOW HITPOINT WARNING * * *
The orc knight is attracted toward you.
The gnoll is attracted toward you. 😱 HP[-22]
You take 22 damage, and now have 1/68 hp.
MASSIVE DAMAGE!! (PAUSE) Unknown command.
The orc knight is attracted toward you. The gnoll is attracted toward you.
There is an open door here.
Unknown command.
Unknown command.
The orc knight hits you from afar with a +0 halberd!
You die...

Skill      XL: |  1  2  3  4  5  6  7  8 |
---------------+-------------------------+-----
Fighting       | 3 4 5 6 8 |  8.0
Ranged Weapons | 5 6 7 8 10 | 10.4
Dodging        | |  2.1
Stealth        | |  0.7

Action                     |  1- 3 |  4- 6 |  7- 9 || total
---------------------------+-------+-------+-------++-------
   Fire: Shortbow          |    86 |   163 |   208 ||   457
  Evoke: Wand              |       |       |     1 ||     1
    Use: Scroll            |       |       |    10 ||    10
         Potion            |       |       |     5 ||     5
 Armour: Leather armour    |    16 |    59 |    76 ||   151
  Dodge: Dodged            |    18 |    48 |    70 ||   136

Levels and vault maps discovered:
D:1:      lightli_arrival_lavapool, layout_basic,
          ebering_ecumenical_altar_petrified, chequers_serial_rivers_marsh,
          columned_hall_lemuel
D:2:      layout_basic, basic_altar
D:3:      layout_basic, nicolae_tso_swordbearing_angel
D:4:      gammafunk_wand_slinger, layout_loops_corners,
          mainiacjoe_overflow_small_starburst, mainiacjoe_overflow_24_doors,
          nicolae_hepliaklqana_hazy_memory, grunt_qazlal_clouds,
          minmay_temple_entry_trees, serial_shops, shop
D:5:      layout_basic, nicolae_uskayaw_dance_hall, nicolae_custom_books,
          uniq_duvessa
D:6:      layout_loops_ring, xom_butterflies, old_standard_altar, serial_glass,
          glass_columns_a, glass_columns_a, glass_columns_b, glass_columns_a
D:7:      layout_loops_corners, enter_bailey_1, minmay_increasing_density
Temple:   jpeg_temple_clearing
Bailey:   bailey_polearm_nasty_gnolls, bailey

Notes
Turn   | Place    | Note
-------+----------+-------------------------------------------
     0 | D:1      | MackTheKnife the Minotaur Hunter began the quest for the
                  | Orb.
     0 | D:1      | Reached XP level 1. HP: 18/18 MP: 0/0
     0 | D:1      | magus.rc [v1.9.6]
    85 | D:1      | Reached XP level 2. HP: 25/25 MP: 1/1
    87 | D:1      | Reached skill level 3 in Fighting
   198 | D:2      | Reached skill level 5 in Ranged Weapons
   198 | D:2      | Reached XP level 3. HP: 21/31 MP: 2/2
   199 | D:2      | You add the spells Gell's Gravitas, Teleport Other and
                  | Dispersal to your library.
   410 | D:2      | Reached skill level 4 in Fighting
   473 | D:2      | Reached XP level 4. HP: 40/40 MP: 3/3
   523 | D:2      | Found an ancient bone altar of Kikubaaqudgha.
   638 | D:3      | You pick up a book of Touch and begin reading...
   638 | D:3      | You add the spells Kiss of Death, Confusing Touch and
                  | Dispel Undead to your library.
  1077 | D:4      | Found a glowing silver altar of Zin.
  1120 | D:4      | Noticed a scorpion
  1125 | D:4      | Killed a scorpion
  1126 | D:4      | Reached skill level 5 in Fighting
  1126 | D:4      | Reached skill level 6 in Ranged Weapons
  1126 | D:4      | Reached XP level 5. HP: 48/48 MP: 4/4
  1158 | D:4      | Found a staircase to the Ecumenical Temple.
  1165 | Temple   | Entered the Ecumenical Temple
  1176 | Temple   | Became a worshipper of Warmaster Okawaru
  1208 | D:4      | Found a stormy altar of Qazlal.
  1296 | D:4      | Found a transporter.
  1321 | D:4      | Found a transporter.
  1573 | D:4      | Reached XP level 6. HP: 34/57 MP: 5/5
  1599 | D:4      | Found Ethehuakk's Distillery.
  1601 | D:4      | Noticed an ice beast
  1604 | D:4      | Bought a potion of curing for 36 gold pieces
  1604 | D:4      | Bought a potion of curing for 36 gold pieces
  1651 | D:4      | Killed an ice beast
  1652 | D:4      | Reached skill level 6 in Fighting
  1664 | D:5      | Entered Level 5 of the Dungeon
  1842 | D:5      | Reached skill level 7 in Ranged Weapons
  1876 | D:5      | Found Bumysy Pesoi's Self-Published Books.
  1923 | D:5      | Reached * piety under Okawaru
  1924 | D:5      | Reached XP level 7. HP: 47/64 MP: 6/6
  1937 | D:5      | HP: 16/64 [orc priest/+0 flail of draining (5)]
  1938 | D:5      | HP: 5/63 [orc/+0 trident (4)]
  2148 | D:5      | Reached skill level 7 in Fighting
  2167 | D:5      | Found a hide-covered altar of Uskayaw.
  2289 | D:6      | HP: 14/66 [ice beast (12)]
  2290 | D:6      | HP: 6/66 [ice beast (5)]
  2493 | D:6      | Reached skill level 8 in Ranged Weapons
  2512 | D:6      | Reached ** piety under Okawaru
  2533 | D:6      | Reached skill level 8 in Fighting
  2558 | D:6      | Reached XP level 8. HP: 45/74 MP: 7/7
  2569 | D:6      | HP: 15/74 [orc warrior/+0 halberd (6)]
  2585 | D:5      | HP: 10/74 [orc priest/divine providence (10)]
  2827 | D:6      | Identified the ring "Doheoz" {rPois rN+ Will- rCorr Str+3}
  2926 | D:6      | Found a shimmering altar of Xom.
  3033 | D:6      | Reached skill level 9 in Ranged Weapons
  3459 | D:7      | Found a flagged portal.
  3474 | D:7      | Reached skill level 10 in Ranged Weapons
  3482 | Bailey   | Entered a bailey
  3962 | Bailey   | Noticed an orc knight
  3989 | Bailey   | HP: 1/68 [orc knight/+0 halberd (22)]
  3991 | Bailey   | Mangled by an orc knight

Vanquished Creatures
  2 ice beasts
  A black bear (D:6)
  2 bullfrogs
  4 scorpions
  4 wights (D:6)
  A howler monkey (D:7)
  5 hounds
  An orc priest (D:6)
  A jelly (D:6)
  3 sleepcaps
  2 iguanas (D:5)
  7 gnolls (Bailey)
  9 adders
  A white imp (D:6)
  2 ufetubi (D:7)
  A worm (D:3)
  4 dart slugs
  8 orcs
  A bat (D:2)
  9 endoplasms
  3 giant cockroaches
  4 goblins
  9 hobgoblins
  9 jackals
  3 kobolds
  5 quokkas
  3 ball pythons
  4 rats
108 creatures vanquished.

Table legend:
 A = Non-vault XP
 B = Vault XP
 C = Vault XP percentage of total XP
 D = Non-vault monster count
 E = Vault monster count
 F = Vault count percentage of total count
                 A         B        C        D         E       F
            +---------+---------+-------+---------+---------+-------
      Total |    2026 |     111 |   5.2 |      97 |      11 |  10.2
            +---------+---------+-------+---------+---------+-------
        D:1 |      28 |       0 |   0.0 |      13 |       0 |   0.0
        D:2 |      82 |       0 |   0.0 |      20 |       0 |   0.0
        D:3 |      50 |       0 |   0.0 |      17 |       0 |   0.0
        D:4 |     382 |       0 |   0.0 |      17 |       0 |   0.0
        D:5 |     414 |       0 |   0.0 |      13 |       0 |   0.0
        D:6 |     863 |       0 |   0.0 |      12 |       0 |   0.0
        D:7 |     207 |       0 |   0.0 |       5 |       0 |   0.0
     Bailey |       0 |     111 | 100.0 |       0 |      11 | 100.0
            +---------+---------+-------+---------+---------+-------

Skill      XL: |  1  2  3  4  5  6  7  8 |
---------------+-------------------------+-----
Fighting       | 3 4 5 6 8 |  8.0
Ranged Weapons | 5 6 7 8 10 | 10.4
Dodging        | |  2.1
Stealth        | |  0.7

Action                     |  1- 3 |  4- 6 |  7- 9 || total
---------------------------+-------+-------+-------++-------
   Fire: Shortbow          |    86 |   163 |   208 ||   457
  Evoke: Wand              |       |       |     1 ||     1
    Use: Scroll            |       |       |    10 ||    10
         Potion            |       |       |     5 ||     5
 Armour: Leather armour    |    16 |    59 |    76 ||   151
  Dodge: Dodged            |    18 |    48 |    70 ||   136

Illustrated notes

Table legend:
 A = Kills in this place as a percentage of kills in the entire game.
 B = Kills by you in this place as a percentage of kills by you in the entire game.
 C = Kills by friends in this place as a percentage of kills by friends in the entire game.
 D = Other kills in this place as a percentage of other kills in the entire game.
 E = Experience gained in this place as a percentage of experience gained in the entire game.
 F = Experience gained in this place divided by the number of levels of this place that you have seen.
                   A       B       C       D       E      F
               +-------+-------+-------+-------+-------+----------------------
         Total | 100.0 | 100.0 |   N/A |   N/A | 100.0 | 237.4
       Dungeon |  89.8 |  89.8 |   N/A |   N/A |  94.8 | 289.4
        Bailey |  10.2 |  10.2 |   N/A |   N/A |   5.2 | 111.0
               +-------+-------+-------+-------+-------+----------------------

Table legend: (Time is in decaauts)
 A = Elapsed time spent in this place.
 B = Non-inter-level travel time spent in this place.
 C = Inter-level travel time spent in this place.
 D = Time resting spent in this place.
 E = Time spent auto-exploring this place.
 F = Levels seen in this place.
 G = Mean time per level.
                   A        B        C        D        E       F      G
               +--------+--------+--------+--------+--------+-----+--------+
         Total |   4024 |   3829 |    195 |    705 |   1988 |   9 |  447.1 |
       Dungeon |   3498 |   3324 |    174 |    542 |   1732 |   7 |  499.7 |
        Temple |     22 |      1 |     21 |      0 |      0 |   1 |   22.0 |
        Bailey |    503 |    503 |      0 |    163 |    256 |   1 |  503.0 |
               +--------+--------+--------+--------+--------+-----+--------+

Top non-repeatable levels by time:
     D:6: 832 daAuts
     D:5: 826 daAuts
     D:4: 634 daAuts
  Bailey: 503 daAuts
     D:3: 451 daAuts
     D:2: 442 daAuts
     D:1: 189 daAuts
     D:7: 122 daAuts
  Temple: 22 daAuts
